 Dungeon Crawl Stone Soup version 0.19.0-24-gb05acd6 (webtiles) character file.

63 AAAAA the Ruffian (level 3, -9/31 HPs)
             Began as a Troll Necromancer on Nov 22, 2016.
             Killed from afar by AAAAA's ghost (17 damage)
             ... with a flame tongue
             ... on level 3 of the Dungeon.
             The game lasted 00:02:37 (1835 turns).

AAAAA the Ruffian (Troll Necromancer)               Turns: 1835, Time: 00:02:38

Health: -9/31      AC:  5    Str: 16    XL:     3   Next: 87%
Magic:  3/3        EV: 10    Int: 11    God:
Gold:   76         SH:  0    Dex: 11    Spells: 1 memorised, 3 levels left

rFire  . . .     SeeInvis .       - Unarmed
rCold  . . .     Gourm    +     a - +0 robe
rNeg   . . .     Faith    .     (no shield)
rPois  .         Spirit   .     (helmet restricted)
rElec  .         Reflect  .     (no cloak)
rCorr  .         Harm     .     (gloves unavailable)
MR     .....                    (boots unavailable)
Stlth  +.........               (no amulet)
                                (no ring)
                                (no ring)

@: no status effects
A: unfitting armour, claws 3, fast metabolism 3, gourmand, regeneration 1,
shaggy fur 1, tough skin 2
a: no special abilities


You were on level 3 of the Dungeon.
You were very full.

You visited 1 branch of the dungeon, and saw 3 of its levels.

You collected 76 gold pieces.

Inventory:

Armour
 a - a +0 robe (worn)
Jewellery
 d - an uncursed ring of flight {unknown}
Scrolls
 f - a scroll of recharging
 h - 3 scrolls of remove curse
 k - a scroll of enchant armour
 o - a scroll of fear {unknown}
Potions
 g - a potion of might {unknown}
 i - a potion of agility {unknown}
 l - 2 potions of degeneration {unknown}
 n - 2 potions of berserk rage {unknown}
 p - a potion of flight {unknown}
Books
 b - a book of Necromancy

   Spells                             Type                      Level
   a - Pain                           Necromancy                   1
   b - Animate Skeleton               Necromancy                   1
   c - Vampiric Draining              Necromancy                   3
   d - Regeneration                   Charms/Necromancy            3
   e - Animate Dead                   Necromancy                   4
   f - Control Undead                 Necromancy                   4
Comestibles
 c - 3 bread rations
 j - a meat ration


   Skills:
 - Level 1.5 Dodging
 - Level 1.0 Stealth
 + Level 3.5 Unarmed Combat
 - Level 1.2 Spellcasting
 - Level 3.2 Necromancy


You had 3 spell levels left.
You knew the following spells:

 Your Spells              Type           Power        Failure   Level  Hunger
a - Pain                  Necr           #...         10%         1    ##.....


Dungeon Overview and Level Annotations

Branches:
Dungeon (3/15)

Altars:

Annotations:
D:3 AAAAA's ghost, amateur HaFE


Innate Abilities, Weirdness & Mutations

You are too large for most types of armour.
You have claws for hands.
Your metabolism is lightning-fast.
You like to eat raw meat.
Your natural rate of healing is unusually fast.
You are covered in fur. (AC +1)
You have very tough skin. (AC +2)


Message History

* * * LOW HITPOINT WARNING * * *
Unknown command.
AAAAA's ghost keens inconsolably.
As you read the scroll labeled ILEUXTYILU, it crumbles to dust.
It is a scroll of identify.
h - 3 scrolls of remove curse AAAAA's ghost hits you.
* * * LOW HITPOINT WARNING * * *
As you read the scroll of identify, it crumbles to dust.
f - a scroll of recharging AAAAA's ghost barely misses you.
As you read the scroll of identify, it crumbles to dust.
k - a scroll of enchant armour AAAAA's ghost hits you but does no damage.
As you read the scroll labeled PEIWNE UNAOFU, it crumbles to dust.
You feel aware of your surroundings.
It was a scroll of magic mapping.
AAAAA's ghost points at you and mumbles some strange words.
The flame tongue hits you!
Ouch! That really hurt!
You die...

#.#*,,,,,,,,*
#.#*,,,,,,,,****
#.#*,,,,,,,,,,,,
#####.#######+#.,,,,
#...............,,,,
##.###........#,****
#.# #......###.,,,,
##W###..........,,,,
#..@.#........).,,,,
####.#####....#.,,,,
#.# *....+,,,,, #.#
*....#*,,,, #.#
*,#...',,,, #.#
*,*####,,,, #.#
*,,,,,,,,,, #.#
########,****
#.###[.....#,****


You could see AAAAA's ghost.

Vanquished Creatures
  An adder (D:2)
  An ooze (D:1)
  A leopard gecko (D:1)
  4 bats
  5 giant cockroaches
  11 goblins
  4 hobgoblins
  7 kobolds
  A quokka (D:2)
  A ball python (D:2)
  2 frilled lizards (D:1)
  7 rats
45 creatures vanquished.

Notes
Turn   | Place    | Note
-------+----------+-------------------------------------------
     0 | D:1      | AAAAA the Troll Necromancer began the quest for the Orb.
     0 | D:1      | Reached XP level 1. HP: 16/16 MP: 1/1
    25 | D:1      | Reached skill level 1 in Unarmed Combat
   165 | D:1      | Reached XP level 2. HP: 19/24 MP: 2/2
  1008 | D:2      | Reached XP level 3. HP: 31/31 MP: 3/3
  1819 | D:3      | Noticed AAAAA's ghost (amateur HaFE)
  1835 | D:3      | Killed from afar by AAAAA's ghost

Skill      XL: |  1  2  3 |
---------------+----------+-----
Unarmed Combat | 1 2 3 |  3.5
Dodging        | |  1.5
Stealth        | |  1.0
Spellcasting   | |  1.2
Necromancy     | |  3.2

Action                   || total
-------------------------++-------
Melee: Unarmed           ||   135
       Punch             ||     1
  Use: Scroll            ||     4
  Eat: Chunk             ||    21
Armor: Robe              ||    47
Dodge: Dodged            ||    68
